 Dungeon Crawl Stone Soup version 0.23-a0-819-g6debee6 (webtiles) character file.

18571 ohad the Severer (level 12, -7/94 HPs)
             Began as a Hill Orc Gladiator on Jan 22, 2019.
             Was an Elder of Makhleb.
             Mangled by Rupert
             ... wielding a +2 triple sword of pain
              (34 damage)
             ... on level 3 of the Lair of Beasts.
             The game lasted 00:36:14 (14017 turns).

ohad the Severer (Hill Orc Gladiator)              Turns: 14017, Time: 00:36:15

Health: -7/94      AC: 19    Str: 23    XL:     12   Next: 59%
Magic:  17/17      EV: 23    Int:  8    God:    Makhleb [****..]
Gold:   283        SH:  0    Dex: 21    Spells: 11/11 levels left

rFire    . . .     SeeInvis .   U - +0 battleaxe
rCold    . . .     Gourm    .   (shield currently unavailable)
rNeg     . . .     Faith    .   y - +0 plate armour
rPois    .         Spirit   .   c - +0 helmet
rElec    .         Reflect  .   b - +2 cloak {MR+}
rCorr    .         Harm     .   (no gloves)
MR       +....                  H - +1 pair of boots
Stlth    ..........             z - amulet of the acrobat
HPRegen  0.25/turn              B - +2 ring of evasion
MPRegen  0.15/turn              Y - +5 ring of evasion

@: mighty, agile, about to teleport, studying Maces & Flails
A: no striking features
a: Minor Destruction, Lesser Servant of Makhleb, Major Destruction, Renounce
Religion


You were on level 3 of the Lair of Beasts.
You worshipped Makhleb.
Makhleb was greatly pleased with you.
You were not hungry.

You visited 3 branches of the dungeon, and saw 14 of its levels.

You collected 775 gold pieces.
You spent 492 gold pieces at shops.

Inventory:

Hand Weapons
 a - a +0 war axe
 n - a +1 dagger of venom
 E - a +1 flail of crushing
 O - the cursed +1 quarterstaff of Ricidoij {crush, MR+ Str+3 Int+2 Dex+3}
   (You took it off a centaur on level 6 of the Dungeon)

   It inflicts extra damage upon your enemies.
   It affects your strength (+3).
   It affects your intelligence (+2).
   It affects your dexterity (+3).
   It affects your resistance to hostile enchantments.
   It has a curse placed upon it.
 Q - a +3 halberd
 U - a +0 battleaxe (weapon)
Missiles
 e - 40 poisoned needles
 i - 62 bolts
 p - 16 tomahawks (quivered)
Armour
 b - a +2 cloak of magic resistance (worn)
 c - a +0 helmet (worn)
 g - a +0 ring mail
 r - a +0 large shield
 w - a +0 scale mail of poison resistance
 y - a +0 plate armour (worn)
 H - a +1 pair of boots (worn)
 N - the +1 leather armour of the Storm King {*Drain rF+ MR+ Dex+2, unknown}
   (You found it on level 6 of the Dungeon)

   It affects your dexterity (+2).
   It protects you from fire.
   It affects your resistance to hostile enchantments.
   It causes draining when unequipped.
Jewellery
 z - an amulet of the acrobat (around neck)
 B - a +2 ring of evasion (left hand)
 L - an uncursed ring of protection from cold
 R - an uncursed ring of poison resistance
 X - an uncursed ring of resist corrosion
 Y - a +5 ring of evasion (right hand)
Wands
 d - a wand of disintegration (24)
 q - a wand of polymorph (7)
 t - a wand of acid (3)
 J - a wand of iceblast (8)
Scrolls
 h - 8 scrolls of enchant weapon {unknown}
 j - 9 scrolls of remove curse
 k - 2 scrolls of magic mapping {unknown}
 m - 2 scrolls of fog {unknown}
 s - 2 scrolls of blinking
 u - 4 scrolls of amnesia {unknown}
 v - 2 scrolls of noise {unknown}
 C - a scroll of teleportation
 G - a scroll of fear
 P - a scroll of brand weapon {unknown}
 Z - a scroll of holy word {unknown}
Potions
 l - 2 potions of brilliance
 o - 5 potions of curing
 x - a potion of cancellation
 A - a potion of agility
 F - a potion of resistance
 M - a potion of magic
 S - a potion of ambrosia {unknown}
 T - a potion of mutation
Books
 I - a manual of Maces & Flails
Miscellaneous
 V - a sack of spiders
Comestibles
 f - 21 rations


   Skills:
 - Level 5.3 Fighting
 - Level 20.0 Axes
 - Level 1.7 Throwing
 - Level 6.8 Armour
 + Level 6.3 Dodging
 - Level 7.5 Invocations


You had 11 spell levels left.
You didn't know any spells.
Your spell library contained the following spells:

 Spells                   Type           Power        Failure   Level  Hunger
 Corona                   Hex            #......      100%        1    ##.....
 Magic Dart               Conj           #...         100%        1    ##.....
 Ensorcelled Hibernation  Hex/Ice        #.....       100%        2    ###....
 Searing Ray              Conj           #.....       100%        2    ###....
 Confuse                  Hex            #.......     100%        3    ####...
 Dazzling Spray           Conj/Hex       #.....       100%        3    ####...
 Tukima's Dance           Hex            #.......     100%        3    ####...
 Force Lance              Conj/Tloc      #.......     100%        4    #####..
 Fulminant Prism          Conj/Hex       #.........   100%        4    #####..
 Iskenderun's Mystic Bla  Conj           #.......     100%        4    #####..


Dungeon Overview and Level Annotations

Branches:
Dungeon (10/15)            Temple (1/1) D:7            Lair (3/6) D:10
 Shoals (0/4) Lair:2          Orc (0/2) D:9
  Snake: Lair:2-4    Spider: Lair:2-4

Altars:
Ashenzari
Cheibriados
Dithmenos
Gozag
Hepliaklqana
Kikubaaqudgha
Makhleb
Nemelex Xobeh
Okawaru
Qazlal
Ru
Sif Muna
Trog
Uskayaw
Vehumet
Wu Jian
Xom
Yredelemnul
Zin
The Shining One

Shops:
D:4 ?   D:6 [

Annotations:
D:6 2 transporters, darkdagon605's ghost, novice HOFi
Lair:3 Rupert


Message History

Rupert is severely wounded.
You barely miss the porcupine. You slash the spiny frog!
You kill the spiny frog!
Makhleb accepts your kill.
You feel better.
You slash the wolf! The wolf bites you. The porcupine completely misses you.
Rupert hits you but does no damage.
You writhe in agony!
* * * LOW HITPOINT WARNING * * *
The wolf closely misses you.
Unknown command.
You hit the porcupine.
You kill the porcupine!
Makhleb accepts your kill.
You feel better.
You hit Rupert.
Your plate armour prevents you from hitting the wolf.
The wolf completely misses you.
As you read the scroll of teleportation, it crumbles to dust.
You feel strangely unstable.
Rupert hits you with a +2 triple sword of pain!!
You die...

#.#..### # ###......#
#..# #.......# .#.##
###.......# ....#
..........# #####...#.
..P.......####......)..
#.).......P..##....#
##.............h†.#
#.#.......PP###@@.#
##.#.##.P#### #..##
#.#..#### ##.# ###..#
..# .. ..# .. .... ...
.... .....


You could see Rupert (berserk) and a wolf.

Vanquished Creatures
  2 two-headed ogres
  3 death yaks (D:10)
  2 unseen horrors (D:10)
  Pikel (D:3)
  Maurice (D:8)
  A centaur skeleton (D:10)
  4 spiny frogs
  A komodo dragon (Lair:1)
  A troll (D:10)
  A snapping turtle (Lair:2)
  2 hippogriffs
  29 yaks
  A basilisk (Lair:1)
  A hungry ghost (D:9)
  5 water moccasins
  An orc warrior (D:7)
  4 porcupines
  4 ice beasts
  3 sky beasts
  3 slaves
  5 phantoms
  A black bear (D:8)
  5 centaurs
  2 ogres
  5 crocodiles
  5 bullfrogs
  A wyvern zombie (D:8)
  3 scorpions
  17 killer bees
  3 troll zombies (D:9)
  5 wights
  An electric eel (Lair:2)
  2 howler monkeys
  A bullfrog zombie (D:8)
  A quasit (D:6)
  3 crimson imps
  2 centaur zombies (D:10)
  8 hounds
  4 jellies
  A bullfrog skeleton (D:9)
  11 orc priests
  Crazy Yiuf (D:5)
  3 iguanas
  Terence (D:2)
  Natasha (thrice) (D:2)
  6 orc wizards
  5 worker ants
  A killer bee zombie (D:8)
  3 ogre zombies (D:9)
  Robin (D:4)
  A worker ant zombie (D:9)
  8 gnolls
  A river rat (D:10)
  11 adders
  A shadow imp (D:5)
  2 oozes
  An adder skeleton (D:9)
  A worm (D:3)
  3 dart slugs
  5 leopard geckos
  31 orcs
  11 bats
  3 giant cockroaches
  12 hobgoblins
  4 jackals
  6 quokkas
  A ball python (D:5)
  A ball python skeleton (D:5)
  A ball python zombie (D:5)
  5 frilled lizards
  19 goblins
  A goblin skeleton (D:9)
  A goblin zombie (D:9)
  A hobgoblin skeleton (D:9)
  A hobgoblin zombie (D:9)
  10 kobolds
  A leopard gecko zombie (D:5)
  4 orc skeletons (D:9)
  11 orc zombies (D:9)
  A quokka skeleton (D:9)
  8 rats
  A fungus (Lair:1)
348 creatures vanquished.

Vanquished Creatures (others)
  3 fungi (Lair:3)
  3 plants (Lair:3)
6 creatures vanquished.

Grand Total: 354 creatures vanquished

Notes
Turn   | Place    | Note
-------+----------+-------------------------------------------
     0 | D:1      | ohad the Hill Orc Gladiator began the quest for the Orb.
     0 | D:1      | Reached XP level 1. HP: 18/18 MP: 1/1
    91 | D:1      | Reached XP level 2. HP: 18/25 MP: 2/2
   175 | D:1      | Reached skill level 5 in Axes
   806 | D:1      | Reached XP level 3. HP: 30/30 MP: 3/3
  1224 | D:2      | Noticed Natasha
  1600 | D:2      | Killed Natasha
  1600 | D:2      | Reached skill level 6 in Axes
  1600 | D:2      | Reached XP level 4. HP: 7/37 MP: 4/4
  2082 | D:2      | Noticed Terence
  2093 | D:2      | Killed Terence
  2116 | D:2      | Reached skill level 7 in Axes
  2408 | D:2      | Noticed Natasha
  2421 | D:2      | Killed Natasha
  2421 | D:2      | Reached XP level 5. HP: 29/42 MP: 5/5
  2565 | D:2      | Noticed Natasha
  2573 | D:2      | Killed Natasha
  2592 | D:2      | Reached skill level 8 in Axes
  2929 | D:3      | Reached skill level 1 in Armour
  3444 | D:4      | Noticed a slave
  3519 | D:4      | Noticed a slave
  3519 | D:4      | Noticed a slave
  3581 | D:4      | Noticed a slave
  3597 | D:4      | Killed a slave
  3602 | D:4      | Noticed Pikel
  3623 | D:4      | Reached XP level 6. HP: 26/50 MP: 6/6
  3629 | D:4      | Killed a slave
  3642 | D:3      | Killed a slave
  3898 | D:3      | Killed Pikel
  3898 | D:3      | Reached XP level 7. HP: 5/56 MP: 7/7
  4291 | D:4      | Noticed Robin
  4311 | D:4      | Killed Robin
  4652 | D:4      | Found Diryp's Magic Scroll Emporium.
  4660 | D:4      | Bought a scroll of identify for 26 gold pieces
  4660 | D:4      | Bought a scroll of teleportation for 39 gold pieces
  4660 | D:4      | Bought a scroll of remove curse for 39 gold pieces
  4660 | D:4      | Bought a scroll of identify for 26 gold pieces
  4781 | D:5      | Entered Level 5 of the Dungeon
  4846 | D:5      | Reached XP level 8. HP: 62/62 MP: 8/8
  4868 | D:5      | Reached skill level 9 in Axes
  5062 | D:5      | Reached skill level 10 in Axes
  5264 | D:5      | Found an iron altar of Okawaru.
  5339 | D:5      | Reached skill level 11 in Axes
  5352 | D:5      | Noticed a +0 dagger
  5352 | D:5      | Noticed a +0 hand axe
  5353 | D:5      | Found a hide-covered altar of Uskayaw.
  5697 | D:5      | Found an iron altar of Okawaru.
  5782 | D:5      | Reached skill level 12 in Axes
  5974 | D:5      | Found a runed door.
  5978 | D:5      | Noticed Crazy Yiuf
  5982 | D:5      | Killed Crazy Yiuf
  5982 | D:5      | Reached XP level 9. HP: 68/68 MP: 9/9
  6445 | D:6      | Reached skill level 13 in Axes
  6775 | D:6      | Found a transporter.
  6778 | D:6      | Noticed darkdagon605's ghost (novice HOFi)
  6793 | D:6      | Got an ancient leather armour
  6818 | D:6      | Identified the cursed +1 quarterstaff of Ricidoij {crush,
                  | MR+ Str+3 Int+2 Dex+3}
  7002 | D:6      | Found a transporter.
  7192 | D:6      | Found Teabug's Armour Shop.
  7195 | D:6      | Bought a +1 pair of boots for 126 gold pieces
  7331 | D:7      | Reached skill level 14 in Axes
  8248 | D:7      | Found a staircase to the Ecumenical Temple.
  8257 | Temple   | Entered the Ecumenical Temple
  8325 | Temple   | Became a worshipper of Makhleb the Destroyer
  8396 | D:7      | Reached skill level 15 in Axes
  8522 | D:8      | Noticed Maurice
  8613 | D:8      | Reached XP level 10. HP: 56/74 MP: 10/10
  9422 | D:8      | Noticed a two-headed ogre
  9425 | D:8      | Reached * piety under Makhleb
  9425 | D:8      | Reached skill level 16 in Axes
  9450 | D:8      | Killed a two-headed ogre
  9657 | D:8      | Killed Maurice
 10267 | D:9      | Reached skill level 5 in Fighting
 10564 | D:9      | Found a shimmering altar of Xom.
 10700 | D:9      | Reached ** piety under Makhleb
 10746 | D:9      | Found a staircase to the Orcish Mines.
 10872 | D:9      | Reached *** piety under Makhleb
 10873 | D:9      | Reached skill level 17 in Axes
 10873 | D:9      | Reached XP level 11. HP: 82/88 MP: 11/11
 11110 | D:9      | Found a sparkling altar of Nemelex Xobeh.
 11210 | D:10     | Entered Level 10 of the Dungeon
 11260 | D:10     | Reached skill level 1 in Invocations
 11682 | D:10     | Noticed a two-headed ogre
 11696 | D:10     | Killed a two-headed ogre
 11696 | D:10     | Reached skill level 5 in Invocations
 11780 | D:10     | Noticed a death yak
 11780 | D:10     | Noticed a death yak
 11819 | D:10     | Noticed a death yak
 11822 | D:10     | Killed a death yak
 11833 | D:10     | Killed a death yak
 11840 | D:10     | Killed a death yak
 12071 | D:10     | Found a staircase to the Lair.
 12142 | D:10     | Killed an unseen horror
 12142 | D:10     | Reached skill level 18 in Axes
 12219 | D:10     | Killed an unseen horror
 12502 | D:6      | Bought a +2 cloak of magic resistance for 236 gold pieces
 12640 | Lair:1   | Entered Level 1 of the Lair of Beasts
 12725 | Lair:1   | Reached **** piety under Makhleb
 12748 | Lair:1   | Reached skill level 19 in Axes
 12822 | Lair:1   | Reached XP level 12. HP: 94/94 MP: 17/17
 12843 | Lair:1   | Found a glowing golden altar of the Shining One.
 13610 | Lair:2   | Reached skill level 20 in Axes
 13694 | Lair:2   | Found a staircase to the Shoals.
 13952 | Lair:3   | Reached skill level 5 in Dodging
 13965 | Lair:3   | Noticed Rupert
 14007 | Lair:3   | Paralysed by Rupert for 2 turns
 14017 | Lair:3   | Mangled by Rupert

Vault maps used:
D:1:      tarquinn_simple_flora_water_a, minmay_tromino_v4_a
D:2:      uniq_natasha, uniq_terence
D:4:      first_ration, serial_shops, nicolae_shop_waterfront, uniq_pikel,
          uniq_robin
D:5:      dancing_weapons_uskayaw, okawaru_trees_1, basic_altar,
          minmay_manual_mandibuliform, uniq_crazy_yiuf_cottage
D:6:      gammafunk_ghost_stat_death, serial_shops, shop
D:7:      temple_fountains
D:8:      minmay_diced_spiral, uniq_maurice
D:9:      nemelex_xobeh_ov_fountains_minmay, xom_butterflies, zombieorc1_lemuel
D:10:     dpeg_lair_monsters
Temple:   regret_index_temple_mists
Lair:1:   basic_altar, bh_autumn_forest_stairs, serial_bayou_shore_b,
          lemuel_fruit_tree
Lair:2:   minmay_shoals_entry_hut, nicolae_quartered_pool_little
Lair:3:   guppyfry_snake_entry_garden, uniq_rupert

Skill      XL: |  1  2  3  4  5  6  7  8  9 10 11 12 |
---------------+-------------------------------------+-----
Axes           | 5 6 7 8 12 15 17 19 20 | 20.0
Armour         | 2 6 |  6.8
Fighting       | 5 |  5.3
Dodging        | 4 6 |  6.3
Invocations    | 7 |  7.5
Throwing       | |  1.7

Action                   |  1- 3 |  4- 6 |  7- 9 | 10-12 || total
-------------------------+-------+-------+-------+-------++-------
Melee: War axe           |   102 |   195 |   512 |   142 ||   951
       Battleaxe         |       |       |       |   516 ||   516
Throw: Throwing net      |     2 |     2 |       |     2 ||     6
       Tomahawk          |       |     3 |       |     3 ||     6
  Use: Scroll            |       |       |     4 |    10 ||    14
       Potion            |       |       |     1 |     4 ||     5
 Stab: Held in net/web   |       |       |       |     3 ||     3
  Eat: Chunk             |     2 |     7 |    16 |    14 ||    39
       Ration            |       |       |       |     2 ||     2
Armor: Leather armour    |     6 |       |       |       ||     6
       Ring mail         |    45 |     6 |       |       ||    51
       Scale mail        |       |    58 |       |       ||    58
       Plate armour      |       |    69 |   285 |   308 ||   662
Dodge: Dodged            |    80 |   135 |   200 |   436 ||   851

Table legend:
 A = Non-vault XP
 B = Vault XP
 C = Vault XP percentage of total XP
 D = Non-vault monster count
 E = Vault monster count
 F = Vault count percentage of total count
                 A         B        C        D         E       F
            +---------+---------+-------+---------+---------+-------
      Total |   20912 |    5619 |  21.2 |     281 |      63 |  18.3
            +---------+---------+-------+---------+---------+-------
        D:1 |      47 |       3 |   6.0 |      26 |       2 |   7.1
        D:2 |     123 |      71 |  36.6 |      20 |       2 |   9.1
        D:3 |      69 |     673 |  90.7 |      22 |       1 |   4.3
        D:4 |     136 |      38 |  21.8 |       6 |      12 |  66.7
        D:5 |    1239 |     203 |  14.1 |      28 |       4 |  12.5
        D:6 |     767 |       0 |   0.0 |      25 |       0 |   0.0
        D:7 |    1220 |       0 |   0.0 |      33 |       0 |   0.0
        D:8 |    1682 |     856 |  33.7 |      22 |       6 |  21.4
        D:9 |    2084 |     772 |  27.0 |      31 |      29 |  48.3
       D:10 |    4270 |    2741 |  39.1 |      22 |       6 |  21.4
     Lair:1 |    2310 |       0 |   0.0 |      11 |       0 |   0.0
     Lair:2 |    3180 |     262 |   7.6 |      16 |       1 |   5.9
     Lair:3 |    3785 |       0 |   0.0 |      19 |       0 |   0.0
            +---------+---------+-------+---------+---------+-------
